 Dungeon Crawl Stone Soup version 0.21-a0-421-gfc1ce30 (webtiles) character file.

4631 Vales the Zephyrmancer (level 10, -3/69 HPs)
             Began as a Purple Draconian Air Elementalist on Nov 5, 2017.
             Was a Priest of Sif Muna.
             Slain by a two-headed ogre
             ... wielding a +0 giant club
              (32 damage)
             ... on level 9 of the Dungeon.
             The game lasted 01:02:59 (11055 turns).

Vales the Zephyrmancer (DrAE)                      Turns: 11055, Time: 01:02:59

Health: -3/69      AC:  7    Str: 16    XL:     10   Next: 19%
Magic:  10/20      EV: 13    Int: 18    God:    Sif Muna [***...]
Gold:   492        SH:  0    Dex: 11    Spells: 8/22 levels left

rFire    . . .     SeeInvis +   J - +2 whip (elec)
rCold    . . .     Gourm    .   (no shield)
rNeg     . . .     Faith    .   (armour unavailable)
rPois    .         Spirit   .   (helmet restricted)
rElec    .         Reflect  .   R - scarf {cloud immunity}
rCorr    .         Harm     .   (no gloves)
MR       +....                  (no boots)
Stlth    ++........             Q - amulet of magic regeneration
HPRegen  0.21/turn              n - +4 ring of strength
MPRegen  0.42/turn              N - ring of see invisible

@: divine energy
A: breathe power, unfitting armour, cold-blooded, AC +7
a: Breathe Dispelling Energy, Stop Divine Energy, Channel Magic, Renounce
Religion


You were on level 9 of the Dungeon.
You worshipped Sif Muna.
Sif Muna was most pleased with you.
You were not hungry.

You visited 2 branches of the dungeon, and saw 10 of its levels.

You collected 657 gold pieces.
You spent 165 gold pieces at shops.

Inventory:

Hand Weapons
 J - a +2 whip of electrocution (weapon)
Armour
 R - a scarf of cloud immunity (worn)
Magical Staves
 s - an uncursed staff of poison
Jewellery
 n - a +4 ring of strength (left hand)
 o - a +3 ring of strength
 N - a ring of see invisible (right hand)
 Q - an amulet of magic regeneration (around neck)
 X - an uncursed ring of protection from fire
Wands
 p - a wand of random effects (24/48)
 t - a wand of lightning (12/15)
 C - a wand of iceblast (10/15)
 E - a wand of digging (17/24)
 L - a wand of confusion (15/48)
 M - a wand of flame (17/48)
 S - a wand of disintegration (6/24)
 U - a wand of disintegration (21/24)
 W - a wand of confusion (16/48)
Scrolls
 c - 2 scrolls of enchant weapon
 e - 2 scrolls of fog
 f - a scroll of enchant armour
 j - 2 scrolls of blinking
 l - 3 scrolls of teleportation
 m - a scroll of recharging
 q - 4 scrolls of remove curse
Potions
 g - a potion of berserk rage
 i - a potion of might
 k - 3 potions of curing
 r - a potion of magic
 u - a potion of cancellation
 v - a potion of brilliance
 w - 2 potions of degeneration
 z - 2 potions of haste
 D - a potion of heal wounds
 K - a potion of lignification
 P - a potion of agility {unknown}
 V - a potion of flight {unknown}
Books
 a - a book of Air

   Spells                             Type                      Level
   a - Shock                          Conjuration/Air              1
   b - Swiftness                      Charms/Air                   2
   c - Static Discharge               Conjuration/Air              3
   d - Airstrike                      Air                          4
   e - Lightning Bolt                 Conjuration/Air              5
 h - a book of Conjurations

   Spells                             Type                      Level
   a - Magic Dart                     Conjuration                  1
   b - Searing Ray                    Conjuration                  2
   c - Dazzling Spray                 Conjuration/Hexes            3
   d - Fulminant Prism                Conjuration/Hexes            4
   e - Force Lance                    Conjuration/Translocation    4
   f - Iskenderun's Mystic Blast      Conjuration                  4
 x - a book of Misfortune

   Spells                             Type                      Level
   a - Confusing Touch                Hexes                        1
   b - Confuse                        Hexes                        3
   c - Gell's Gravitas                Translocation                3
   d - Petrify                        Transmutation/Earth          4
   e - Metabolic Englaciation         Hexes/Ice                    5
   f - Yara's Violent Unravelling     Hexes/Transmutation          5
 B - a book of Minor Magic

   Spells                             Type                      Level
   a - Magic Dart                     Conjuration                  1
   b - Blink                          Translocation                2
   c - Call Imp                       Summoning                    2
   d - Slow                           Hexes                        2
   e - Conjure Flame                  Conjuration/Fire             3
   f - Mephitic Cloud                 Conjuration/Poison/Air       3
 O - a book of Frost

   Spells                             Type                      Level
   a - Freeze                         Ice                          1
   b - Throw Frost                    Conjuration/Ice              2
   c - Ozocubu's Armour               Charms/Ice                   3
   d - Throw Icicle                   Conjuration/Ice              4
   e - Summon Ice Beast               Ice/Summoning                4
 Y - a Young Poisoner's Handbook

   Spells                             Type                      Level
   a - Sting                          Conjuration/Poison           1
   b - Poisonous Vapours              Poison/Air                   2
   c - Mephitic Cloud                 Conjuration/Poison/Air       3
   d - Olgreb's Toxic Radiance        Poison                       4
   e - Venom Bolt                     Conjuration/Poison           5
Comestibles
 b - 3 bread rations
 d - 2 meat rations
 A - 3 fruits
 F - a chunk of flesh


   Skills:
 + Level 3.7 Maces & Flails
 - Level 3.0 Dodging
 - Level 3.0 Stealth
 - Level 6.8 Spellcasting
 - Level 5.6 Conjurations
 - Level 3.0 Translocations
 + Level 9.9 Air Magic
 + Level 4.5 Invocations
 - Level 3.0 Evocations


You had 8 spell levels left.
You knew the following spells:

 Your Spells              Type           Power        Failure   Level  Hunger
a - Shock                 Conj/Air       ####         1%          1    None
b - Airstrike             Air            #####.....   1%          4    ####...
c - Blink                 Tloc           N/A          4%          2    None
d - Lightning Bolt        Conj/Air       ####......   12%         5    #####..
e - Swiftness             Chrm/Air       ###.....     2%          2    None


Dungeon Overview and Level Annotations

Branches:
Dungeon (9/15)             Temple (1/1) D:5
   Lair: D:8-11         Orc: D:9-12

Altars:
Ashenzari
Cheibriados
Dithmenos
Elyvilon
Fedhas
Gozag
Hepliaklqana
Kikubaaqudgha
Makhleb
Nemelex Xobeh
Okawaru
Qazlal
Ru
Sif Muna
Trog
Uskayaw
Vehumet
Wu Jian
Xom
Yredelemnul
Zin
The Shining One

Shops:
D:4 [   D:6 =   D:8 !

Annotations:
D:7 1 runed door


Innate Abilities, Weirdness & Mutations

You can breathe bolts of dispelling energy.
Your rich purple scales are hard. (AC +7)
You cannot fit into any form of body armour.
You are cold-blooded and may be slowed by cold attacks.


Message History

The two-headed ogre shouts in stereo!
The orc priest moves out of view.
You close the door.
Something unseen opens the door.
Things that are here:
a giant club; a robe
There is an open door here.
Your magical contamination has completely faded away.
You close the door.
Something unseen opens the door.
There is a stone staircase leading up here.
You climb upwards.
There is a stone staircase leading down here.
Some of the chunks of flesh in your inventory have rotted away.
You climb downwards.
The two-headed ogre closely misses you.
The two-headed ogre completely misses you.
There is a stone staircase leading up here.
You have got your breath back.
The two-headed ogre hits you with a giant club!!
You die...

###############
#..........)..#
#.............#
#.............#
#(..O.........#
#....@........#
##'############
#...# ###)####
#.oO.# ####'#
.... .......
#/....>..#


You could see a two-headed ogre.

Vanquished Creatures
  Erolcha (D:9)
  Pikel (D:6)
  Prince Ribbit (D:7)
  2 hungry ghosts
  4 ice beasts
  An orc warrior (D:8)
  A slave (D:6)
  A black bear (D:7)
  A sky beast (D:6)
  2 centaurs
  4 ogres
  A big kobold (D:6)
  A bullfrog (D:7)
  3 scorpions
  A water moccasin skeleton (D:5)
  2 electric eels (D:6)
  A howler monkey (D:8)
  3 crimson imps
  A centaur zombie (D:8)
  2 jellies
  7 hounds
  4 orc wizards
  6 orc priests
  3 iguanas
  11 worker ants
  19 gnolls
  8 adders
  A shadow imp (D:6)
  3 oozes
  2 adder skeletons
  3 worms
  4 dart slugs (D:1)
  5 leopard geckos
  13 orcs
  A ball python (D:5)
  8 bats
  7 giant cockroaches
  30 goblins
  26 hobgoblins
  8 jackals
  3 quokkas
  A ball python zombie (D:5)
  2 jackal skeletons (D:5)
  6 kobolds
  A quokka skeleton (D:5)
  5 rats
  4 butterflies (D:7)
225 creatures vanquished.

Vanquished Creatures (others)
  A slave (D:7)
  A worker ant (D:7)
2 creatures vanquished.

Grand Total: 227 creatures vanquished

Notes
Turn   | Place    | Note
-------+----------+-------------------------------------------
     0 | D:1      | Vales the Draconian Air Elementalist began the quest for the Orb.
     0 | D:1      | Reached XP level 1. HP: 14/14 MP: 3/3
   114 | D:1      | Reached XP level 2. HP: 17/20 MP: 0/5
   620 | D:1      | Reached XP level 3. HP: 26/26 MP: 4/6
  1261 | D:2      | Reached skill level 4 in Air Magic
  1456 | D:2      | Reached XP level 4. HP: 24/33 MP: 0/7
  1556 | D:2      | Learned a level 4 spell: Airstrike
  2337 | D:4      | Found Zoosutul's Armour Shoppe.
  2593 | D:4      | Found an opulent altar of Gozag.
  2594 | D:4      | Found a snail-covered altar of Cheibriados.
  2598 | D:4      | Found an ornate altar of the Wu Jian Council.
  2599 | D:4      | Found a glowing silver altar of Zin.
  2599 | D:4      | Found a sacrificial altar of Ru.
  2601 | D:4      | Found a sparkling altar of Nemelex Xobeh.
  2652 | D:4      | Reached XP level 5. HP: 23/38 MP: 0/8
  3108 | D:4      | HP: 1/38 [poisoned by a worker ant]
  3478 | D:4      | Reached skill level 5 in Air Magic
  3787 | D:4      | Learned a level 2 spell: Blink
  3800 | D:4      | Reached XP level 6. HP: 37/45 MP: 0/9
  3988 | D:5      | Entered Level 5 of the Dungeon
  4505 | D:5      | Noticed an ice beast
  4520 | D:5      | Killed an ice beast
  4520 | D:5      | Reached skill level 6 in Air Magic
  4520 | D:5      | Your scales start taking on a rich purple colour.
  4520 | D:5      | Reached XP level 7. HP: 44/50 MP: 0/12
  4968 | D:5      | Found a staircase to the Ecumenical Temple.
  4993 | Temple   | Entered the Ecumenical Temple
  5184 | Temple   | Became a worshipper of Sif Muna the Loreminder
  5784 | D:6      | Reached skill level 7 in Air Magic
  5784 | D:6      | Reached skill level 1 in Invocations
  5784 | D:6      | Reached skill level 1 in Evocations
  5831 | D:6      | Learned a level 5 spell: Lightning Bolt
  6022 | D:6      | Reached XP level 8. HP: 56/57 MP: 3/14
  6430 | D:6      | Reached skill level 1 in Translocations
  6486 | D:6      | Reached * piety under Sif Muna
  6764 | D:6      | Found Joihonul's Jewellery Shop.
  6769 | D:6      | Reached skill level 5 in Spellcasting
  6774 | D:6      | Bought an uncursed ring of see invisible for 165 gold pieces
  7692 | D:7      | Noticed Prince Ribbit
  7696 | D:7      | Killed Prince Ribbit
  7696 | D:7      | Reached ** piety under Sif Muna
  7696 | D:7      | Reached skill level 8 in Air Magic
  7714 | D:7      | Reached XP level 9. HP: 33/62 MP: 1/17
  7723 | D:7      | Found a runed door.
  7862 | D:7      | Found a runed door.
  7874 | D:7      | Noticed Pikel
  8115 | D:6      | Killed Pikel
  8737 | D:7      | Reached skill level 5 in Conjurations
  9110 | D:7      | Learned a level 2 spell: Swiftness
  9112 | D:7      | Reached skill level 1 in Maces & Flails
  9232 | D:7      | Reached skill level 9 in Air Magic
  9322 | D:7      | Found a sparkling altar of Nemelex Xobeh.
  9705 | D:8      | Reached *** piety under Sif Muna
 10346 | D:8      | Found a burning altar of Makhleb.
 10388 | D:8      | Found Bequk's Distillery.
 10868 | D:8      | Reached XP level 10. HP: 54/69 MP: 13/20
 10991 | D:9      | Noticed Erolcha
 11036 | D:9      | Killed Erolcha
 11041 | D:9      | Noticed a two-headed ogre
 11055 | D:9      | Slain by a two-headed ogre

Vault maps used:
D:1:      sevenhm_arrival_forest_fort_small_4, minmay_misc_feat_doors
D:2:      first_bread
D:3:      kennysheep_generic_room_10
D:4:      minitemple, serial_shops, shop_fountains,
          hangedman_decor_diamond_cutter
D:5:      minmay_temple_entry_grid
D:6:      minmay_goblin_kobold_castle, kennysheep_small_square
D:7:      lemuel_insect_pit, nemelex_dance_club_becter, uniq_prince_ribbit1,
          uniq_pikel
D:8:      basic_altar, serial_shops,
          nicolae_shop_temple_entry_statues_fountains, serial_bayou_pond_a,
          kennysheep_generic_room_7
D:9:      orc_0_dummy, the_bakery, uniq_erolcha, uniq_maurice
Temple:   regret_index_temple_sphere_string

Skill      XL: |  1  2  3  4  5  6  7  8  9 10 |
---------------+-------------------------------+-----
Dodging        | 2 3 |  3.0
Stealth        | 2 3 |  3.0
Air Magic      | 4 5 6 7 8 9 |  9.9
Conjurations   | 2 3 4 5 |  5.6
Spellcasting   | 3 4 5 6 |  6.8
Invocations    | 1 3 4 |  4.5
Evocations     | 1 3 |  3.0
Translocations | 2 3 |  3.0
Maces & Flails | 2 3 |  3.7

Action                   |  1- 3 |  4- 6 |  7- 9 | 10-12 || total
-------------------------+-------+-------+-------+-------++-------
Melee: Unarmed           |    23 |       |       |       ||    23
       Tailslap          |     4 |    11 |    14 |       ||    29
       Spear             |    24 |    78 |       |       ||   102
       Whip              |       |    10 |   134 |     7 ||   151
       Halberd           |       |     2 |       |       ||     2
 Cast: Shock             |    77 |    85 |   138 |     2 ||   302
       Airstrike         |       |    13 |    56 |     2 ||    71
       Blink             |       |       |     5 |       ||     5
       Lightning Bolt    |       |       |    21 |     4 ||    25
Invok: Divine Energy     |       |       |     2 |       ||     2
       Stop Divine Energ |       |       |     1 |       ||     1
       Channel Magic     |       |       |     1 |       ||     1
 Abil: Breathe Dispellin |       |       |    23 |     2 ||    25
  Use: Scroll            |       |     8 |    10 |     2 ||    20
       Potion            |       |       |     1 |     1 ||     2
  Eat: Chunk             |     3 |     4 |    20 |     2 ||    29
       Bread ration      |       |     1 |     2 |       ||     3
       Meat ration       |       |     1 |     3 |       ||     4
       Fruit             |       |       |     1 |       ||     1
Armor: Skin              |    12 |    24 |    64 |       ||   100
Dodge: Dodged            |    38 |    62 |   125 |     9 ||   234

Table legend:
 A = Spawn XP
 B = Non-spawn XP
 C = Spawn XP percentage of total XP
 D = Spawn monster count
 E = Non-spawn monster count
 F = Spawn count percentage of total count
 G = Total turns spent on level
                    A         B        C        D         E        F      G
               +---------+---------+-------+---------+---------+-------+---------
         Total |       0 |    6616 |   0.0 |       0 |     220 |   0.0 | 11055
               +---------+---------+-------+---------+---------+-------+---------
           D:1 |       0 |      43 |   0.0 |       0 |      17 |   0.0 |   744
           D:2 |       0 |      54 |   0.0 |       0 |      15 |   0.0 |   871
           D:3 |       0 |      21 |   0.0 |       0 |       9 |   0.0 |   730
           D:4 |       0 |     289 |   0.0 |       0 |      15 |   0.0 |  1643
           D:5 |       0 |     827 |   0.0 |       0 |      28 |   0.0 |  1576
           D:6 |       0 |    1746 |   0.0 |       0 |      80 |   0.0 |  2272
           D:7 |       0 |    1287 |   0.0 |       0 |      24 |   0.0 |  1628
           D:8 |       0 |    1272 |   0.0 |       0 |      27 |   0.0 |  1299
           D:9 |       0 |    1077 |   0.0 |       0 |       5 |   0.0 |    75
               +---------+---------+-------+---------+---------+-------+---------
